 Dungeon Crawl Stone Soup version 0.26-a0-412-ga3d1f51b80 (webtiles) character file.

Game seed: 4767427838275494283

17 ReteAZ the Chopper (level 2, 0/24 HPs)
             Began as a Human Fighter on July 24, 2020.
             Succumbed to a kobold's poison
             ... on level 1 of the Dungeon.
             The game lasted 00:00:31 (382 turns).

ReteAZ the Chopper (Human Fighter)                   Turns: 382, Time: 00:00:31

Health: 0/24       AC:  6    Str: 16    XL:     2   Next: 80%
Magic:  2/2        EV:  6    Int:  8    God:
Gold:   2          SH:  8    Dex: 12    Spells: 1/1 levels left

rFire    . . .     SeeInvis .   a - +0 war axe
rCold    . . .     Faith    .   c - +0 kite shield
rNeg     . . .     Spirit   .   b - +0 scale mail
rPois    .         Reflect  .   (no helmet)
rElec    .         Harm     .   (no cloak)
rCorr    .                      (no gloves)
MR       .....                  (no boots)
Stlth    ..........             (no amulet)
HPRegen  0.08/turn              (no ring)
MPRegen  0.08/turn              (no ring)

@: lethally poisoned (0 -> -11), stab
A: no striking features
a: no special abilities


You were on level 1 of the Dungeon.
You visited 1 branch of the dungeon, and saw 1 of its levels.

You collected 2 gold pieces.

Inventory:

Hand Weapons
 a - a +0 war axe (weapon)
Armour
 b - a +0 scale mail (worn)
 c - a +0 kite shield (worn)
Scrolls
 e - a scroll of fear {unknown}
 g - 2 scrolls of remove curse {unknown}
 h - 3 scrolls of enchant weapon {unknown}
 i - 3 scrolls of enchant armour {unknown}
Potions
 d - a potion of might


   Skills:
 - Level 3.0 Fighting
 + Level 3.1 Axes
 - Level 3.0 Armour
 - Level 3.0 Shields


You had one spell level left.
You didn't know any spells.
Your spell library was empty.

Dungeon Overview and Level Annotations

Branches:
Dungeon (1/15)

Altars:


Message History

There is an open door, spattered with blood here.
There is a lethal amount of poison in your body!
There is an open door, spattered with blood here.
There is a lethal amount of poison in your body!
There is an open door, spattered with blood here.
There is a lethal amount of poison in your body!
There is an open door, spattered with blood here.
There is a lethal amount of poison in your body!
There is an open door, spattered with blood here.
* * * LOW HITPOINT WARNING * * *
You feel sick.
You see here a +3 dagger of venom.
* * * LOW HITPOINT WARNING * * *
You feel sick.
* * * LOW HITPOINT WARNING * * *
You feel sick.
* * * LOW HITPOINT WARNING * * *
You feel sick.
You open the door.
You die...

... ##...## #.####
##.....## #.##.##
##.......##
####.#...####.........#
...........(')........+
.###.#...####)........#
........## ##.......#
..##.#.## ##.....##
..##.#.# ##@..##
..##.#.# ##'## #.##.#.#
.# #......# .# ####.###
.# #.# .. #.. .. ..


There were no monsters in sight!

Vanquished Creatures
  A dart slug (D:1)
  A bat (D:1)
  2 giant cockroaches (D:1)
  2 goblins (D:1)
  3 hobgoblins (D:1)
  A frilled lizard (D:1)
  3 kobolds (D:1)
13 creatures vanquished.

Notes
Turn   | Place    | Note
-------+----------+-------------------------------------------
     0 | D:1      | ReteAZ the Human Fighter began the quest for the Orb.
     0 | D:1      | Reached XP level 1. HP: 18/18 MP: 1/1
    87 | D:1      | Reached XP level 2. HP: 19/24 MP: 2/2
   381 | D:1      | HP: 1/24 [poisoned by a kobold]
   382 | D:1      | Succumbed to a kobold's poison

Illustrated notes

Levels and vault maps discovered:
D:1:      giann_wishing_wells, layout_loops_corners, minmay_indecisive_spiral

Skill      XL: |  1  2 |
---------------+-------+-----
Axes           | 3 |  3.1
Fighting       | |  3.0
Armour         | |  3.0
Shields        | |  3.0

Action                   || total
-------------------------++-------
Melee: War axe           ||    35
  Use: Potion            ||     1
Armor: Scale mail        ||    11
Dodge: Dodged            ||    10
Block: Kite shield       ||    13

Table legend: (Time is in decaauts)
 A = Elapsed time spent in this place.
 B = Non-inter-level travel time spent in this place.
 C = Inter-level travel time spent in this place.
 D = Time resting spent in this place.
 E = Time spent auto-exploring this place.
 F = Levels seen in this place.
 G = Mean time per level.
                   A        B        C        D        E       F      G
               +--------+--------+--------+--------+--------+-----+--------+
         Total |    397 |    397 |      0 |      0 |    319 |   1 |  397.0 |
       Dungeon |    397 |    397 |      0 |      0 |    319 |   1 |  397.0 |
               +--------+--------+--------+--------+--------+-----+--------+

Top non-repeatable levels by time:
     D:1: 397 daAuts
